 Dungeon Crawl Stone Soup version 0.27-a0-1273-gec92ba881d (webtiles) character file.

Game seed: 6489625136642378785

27 mordus the Poker (level 2, -2/26 HPs)
             Began as a Draconian Monk on June 11, 2021.
             Slain by a hound (5 damage)
             ... on level 1 of the Dungeon.
             The game lasted 00:00:39 (957 turns).

mordus the Poker (Draconian Monk)                    Turns: 957, Time: 00:00:40

Health: -2/26      AC:  4    Str: 13    XL:     2   Next: 93%
Magic:  2/2        EV: 12    Int: 10    God:
Gold:   43         SH:  0    Dex: 13    Spells: 1/1 levels left

rFire    . . .     SeeInvis .   a - +0 spear
rCold    . . .     Faith    .   (no shield)
rNeg     . . .     Spirit   .   (armour unavailable)
rPois    .         Reflect  .   (helmet restricted)
rElec    .         Harm     .   (no cloak)
rCorr    .         Rampage  .   (no gloves)
Will     .....                  (no boots)
Stlth    ++........             (no amulet)
HPRegen  0.08/turn              (no ring)
MPRegen  0.08/turn              (no ring)

@: no status effects
A: AC +4, unfitting armour, cold-blooded
a: no special abilities


You were on level 1 of the Dungeon.
You visited 1 branch of the dungeon, and saw 2 of its levels.

You collected 43 gold pieces.

Inventory:

Hand Weapons
 a - a +0 spear (weapon)
Scrolls
 c - a scroll of immolation {unknown}
 d - 2 scrolls of identify {unknown}
Potions
 b - a potion of curing {unknown}


   Skills:
 - Level 3.2 Fighting
 + Level 4.2 Polearms
 - Level 2.6 Dodging
 - Level 1.7 Stealth


You had one spell level left.
You didn't know any spells.
Your spell library was empty.

Dungeon Overview and Level Annotations

Branches:
Dungeon (2/15)

Altars:


Innate Abilities, Weirdness & Mutations

Your plain brown scales are hard. (AC +4)
You cannot fit into any form of body armour.
You are cold-blooded and may be slowed by cold attacks.


Message History

You miss the hound.
The hound is lightly wounded.
The hound bites you but does no damage.
You hit the hound but do no damage.
Your tail-slap misses the hound.
The hound is lightly wounded.
The hound bites you. x2
You hit the hound but do no damage.
The hound is lightly wounded.
The hound bites you but does no damage.
You hit the hound but do no damage.
The hound is lightly wounded.
The hound bites you.
You are too injured to fight recklessly!
The hound bites you but does no damage. The hound bites you.
You climb upwards.
There is a stone staircase leading down here.
You hit the hound.
The hound is heavily wounded.
The hound bites you.
You hit the hound.
The hound is severely wounded.
The hound closely misses you.
You hit the hound.
The hound is almost dead.
The hound bites you.
* * * LOW HITPOINT WARNING * * *
The hound barely misses you.
You miss the hound.
The hound is almost dead.
The hound misses you.
You closely miss the hound.
Your tail-slap misses the hound.
The hound is almost dead.
The hound bites you.
* * * LOW HITPOINT WARNING * * *
You hit the hound but do no damage.
The hound is almost dead.
The hound bites you.
* * * LOW HITPOINT WARNING * * *
The hound bites you.
You die...

#......+........#.##....#
#......###.##..##.##....#
#......# #.##..##.##....#
#......# #..#..##.##....#
####......# ##.#..##.##....#
.........## #....##.##....#
.........# ##...##.##....#
.........# #...##.#######
.........# #.@.##.# .........#
##.h##.############ .........#
#..##.............
.........#######..##############.
...............................#.
########.#####################.#.
#.#...#.................#.
#.#.#.#.###########..####.
#.#.#.#.# #..# #.


You could see a hound.

Vanquished Creatures
  An adder (D:2)
  2 dart slugs (D:1)
  2 endoplasms (D:1)
  2 giant cockroaches (D:1)
  2 kobolds
  A ball python (D:1)
  3 bats
  3 rats (D:1)
16 creatures vanquished.

Notes
Turn   | Place    | Note
-------+----------+-------------------------------------------
     0 | D:1      | mordus the Draconian Monk began the quest for the Orb.
     0 | D:1      | Reached XP level 1. HP: 19/19 MP: 1/1
   416 | D:1      | Reached XP level 2. HP: 25/26 MP: 2/2
   945 | D:2      | Reached skill level 4 in Polearms
   957 | D:1      | Slain by a hound

Illustrated notes

Levels and vault maps discovered:
D:1:      sevenhm_arrival_forest_fort_large_2, layout_basic
D:2:      layout_basic, chequers_ecumenical_altar_lobes, basic_altar,
          minivault_19, grunt_ministairs_9, small_statue_intersection

Skill      XL: |  1  2 |
---------------+-------+-----
Polearms       | 4 |  4.2
Fighting       | |  3.2
Dodging        | |  2.6
Stealth        | |  1.7

Action                   || total
-------------------------++-------
Melee: Spear             ||    55
       Tailslap          ||     8
 Stab: Sleeping          ||     5
Armor: Skin              ||    12
Dodge: Dodged            ||    18

Table legend: (Time is in decaauts)
 A = Elapsed time spent in this place.
 B = Non-inter-level travel time spent in this place.
 C = Inter-level travel time spent in this place.
 D = Time resting spent in this place.
 E = Time spent auto-exploring this place.
 F = Levels seen in this place.
 G = Mean time per level.
                   A        B        C        D        E       F      G
               +--------+--------+--------+--------+--------+-----+--------+
         Total |    952 |    899 |     53 |      0 |    790 |   2 |  476.0 |
       Dungeon |    952 |    899 |     53 |      0 |    790 |   2 |  476.0 |
               +--------+--------+--------+--------+--------+-----+--------+

Top non-repeatable levels by time:
     D:1: 921 daAuts
     D:2: 31 daAuts
